 Dungeon Crawl Stone Soup version 0.21.1-1-g345015f (webtiles) character file.

2573 Mythic the Cruncher (level 9, -2/69 HPs)
             Began as a Human Berserker on Apr 30, 2018.
             Was an Elder of Trog.
             Slain by an ogre
             ... wielding a +0 giant spiked club
              (13 damage)
             ... on level 7 of the Dungeon.
             The game lasted 01:01:44 (7029 turns).

Mythic the Cruncher (Human Berserker)               Turns: 7029, Time: 01:01:44

Health: -2/69      AC: 11    Str: 20    XL:     9   Next: 87%
Magic:  9/9        EV:  9    Int:  8    God:    Trog [****..]
Gold:   385        SH:  0    Dex: 13    Spells: 8/8 levels left

rFire    . . .     SeeInvis .   l - +4 quarterstaff (chaos)
rCold    . . .     Gourm    .   (shield currently unavailable)
rNeg     . . .     Faith    .   m - +0 chain mail (curse)
rPois    .         Spirit   .   y - +0 helmet
rElec    .         Reflect  .   x - +0 cloak
rCorr    .         Harm     .   (no gloves)
MR       .....                  (no boots)
Stlth    ..........             (no amulet)
HPRegen  0.21/turn              (no ring)
MPRegen  0.11/turn              (no ring)

@: drained
A: no striking features
a: Berserk, Trog's Hand, Brothers in Arms, Burn Spellbooks, Renounce Religion


You were on level 7 of the Dungeon.
You worshipped Trog.
Trog was greatly pleased with you.
You were very hungry.

You visited 1 branch of the dungeon, and saw 7 of its levels.

You collected 385 gold pieces.

Inventory:

Hand Weapons
 a - a +0 mace
 d - a +0 hunting sling
 l - a +4 quarterstaff of chaos (weapon)
 o - a +0 glaive
 u - a +0 flail
 z - a +0 whip
 D - a +0 giant club
Missiles
 k - 3 steel javelins (quivered)
 w - 32 poisoned needles
Armour
 b - a +0 animal skin
 j - a +0 ring mail
 m - a cursed +0 chain mail (worn)
 r - a +0 leather armour
 x - a +0 cloak (worn)
 y - a +0 helmet (worn)
 F - a +0 pair of gloves
Wands
 p - a wand of enslavement (3)
 q - a wand of random effects (45)
 t - a wand of polymorph (20)
 C - a wand of paralysis (8)
Scrolls
 f - 5 scrolls of identify {unknown}
 g - a scroll of amnesia {unknown}
 h - 2 scrolls of enchant armour {unknown}
 i - 4 scrolls of remove curse {unknown}
 n - a scroll of fear {unknown}
 A - 3 scrolls of fog {unknown}
Potions
 e - a potion of might {unknown}
 s - a potion of ambrosia {unknown}
 v - a potion of heal wounds {unknown}
 B - a potion of berserk rage {unknown}
 E - a potion of invisibility
Comestibles
 c - 8 rations


   Skills:
 + Level 6.2(6.1) Fighting
 - Level 4.4(7.9) Maces & Flails
 * Level 10.3(10.6) Staves
 - Level 2.7(2.6) Armour
 - Level 3.1(3.0) Dodging
 - Level 0.5 Stealth


You had 8 spell levels left.
You didn't know any spells.

Dungeon Overview and Level Annotations

Branches:
Dungeon (7/15)             Temple (0/1) D:4

Altars:
Fedhas
Hepliaklqana
Kikubaaqudgha
Nemelex Xobeh
Qazlal
Trog
Uskayaw
Vehumet


Message History

Aim: an ogre, wielding a giant spiked club (heavily wounded, chance to defeat MR: 46%)
The ogre resists with some effort.
You feel yourself speed up. The ogre misses you.
Aiming: Paralyse
Press: ? - help, Shift-Dir - straight line, f/p - ogre
Aim: an ogre, wielding a giant spiked club (heavily wounded, chance to defeat MR: 46%)
The ogre resists with some effort.
The ogre barely misses you.
You're still recovering from your berserk rage.
Evoke which item? (* to show all) (? for menu, Esc to quit)
Aiming: Enslavement
Press: ? - help, Shift-Dir - straight line, f/p - ogre
Aim: an ogre, wielding a giant spiked club (heavily wounded, chance to defeat MR: 46%)
The ogre is charmed.
You start resting.
You recover from your berserk rage.
You start resting.
The ogre is no longer charmed.
The ogre hits you with a giant spiked club!
You die...

#.#
.......#.##
.......#..#
.......##.#
....... #.#
....... #.#
....... #.#
.......##.#
.......O@.#
......#####
..... ##+#


You could see an ogre.

Vanquished Creatures
  The ghost of Tiareth the Conjurer, a novice DECj of Cheibriados (D:4)
  Duvessa (D:6)
  An ice beast (D:5)
  A necrophage (D:5)
  4 ogres
  2 centaurs (D:5)
  A bullfrog (D:4)
  Dowan (D:6)
  6 scorpions
  4 killer bees (D:7)
  3 wights (D:7)
  A howler monkey (D:4)
  A crimson imp (D:5)
  3 hounds
  Crazy Yiuf (D:3)
  An orc priest (D:6)
  4 orc wizards
  Jessica (D:3)
  Ijyb (D:3)
  Natasha (twice) (D:4)
  3 worker ants
  A hound skeleton (D:4)
  A hound zombie (D:5)
  Robin (D:3)
  7 gnolls
  A howler monkey skeleton (D:6)
  7 adders
  A shadow imp (D:6)
  An ooze (D:3)
  An adder zombie (D:7)
  4 worms
  5 dart slugs
  2 leopard geckos
  31 orcs
  2 giant cockroaches
  7 hobgoblins
  8 jackals
  10 kobolds
  A quokka (D:5)
  14 bats
  4 frilled lizards
  13 goblins
  A jackal skeleton (D:5)
  8 rats
  A plant (D:4)
175 creatures vanquished.

Vanquished Creatures (collateral kills)
  An orc priest (D:4)
  An orc (D:4)
2 creatures vanquished.

Vanquished Creatures (others)
  Natasha (D:4)
  7 fungi (D:4)
  A plant (D:4)
9 creatures vanquished.

Grand Total: 186 creatures vanquished

Notes
Turn   | Place    | Note
-------+----------+-------------------------------------------
     0 | D:1      | Mythic the Human Berserker began the quest for the Orb.
     0 | D:1      | Reached XP level 1. HP: 18/18 MP: 1/1
   132 | D:1      | Reached XP level 2. HP: 14/24 MP: 2/2
   299 | D:1      | Reached XP level 3. HP: 6/29 MP: 3/3
  1920 | D:2      | Reached XP level 4. HP: 18/35 MP: 4/4
  2303 | D:3      | Noticed Ijyb
  2316 | D:3      | Killed Ijyb
  2359 | D:3      | Reached ** piety under Trog
  2390 | D:3      | Found a blossoming altar of Fedhas.
  2409 | D:3      | Reached XP level 5. HP: 39/41 MP: 5/5
  2630 | D:3      | Noticed Robin
  2942 | D:3      | Found a runed door.
  2946 | D:3      | Noticed Crazy Yiuf
  2953 | D:3      | Killed Crazy Yiuf
  2953 | D:3      | Reached XP level 6. HP: 48/48 MP: 6/6
  3076 | D:3      | Killed Robin
  3384 | D:3      | Found a faded altar of an unknown god.
  3455 | D:3      | Noticed Jessica
  3458 | D:3      | Killed Jessica
  3458 | D:3      | Reached skill level 1 in Staves
  3674 | D:4      | Noticed an ogre
  3674 | D:4      | Reached skill level 2 in Staves
  3681 | D:4      | Killed an ogre
  3681 | D:4      | Reached XP level 7. HP: 38/55 MP: 7/7
  3730 | D:4      | Reached skill level 3 in Staves
  3781 | D:4      | Noticed Natasha
  3789 | D:4      | Killed Natasha
  3794 | D:4      | Reached *** piety under Trog
  3817 | D:4      | Noticed Natasha
  3827 | D:4      | Killed Natasha
  3827 | D:4      | Reached skill level 4 in Staves
  3916 | D:4      | Reached skill level 5 in Fighting
  3917 | D:4      | Noticed Tiareth's ghost (novice DECj)
  3930 | D:4      | Killed Tiareth's ghost
  3930 | D:4      | Reached skill level 6 in Staves
  3930 | D:4      | Reached XP level 8. HP: 27/62 MP: 8/8
  3956 | D:4      | HP: 3/62 [poisoned by Tiareth's ghost]
  3960 | D:4      | Found a hide-covered altar of Uskayaw.
  3961 | D:4      | Noticed Natasha
  3963 | D:4      | Found a stormy altar of Qazlal.
  3963 | D:4      | Found a hazy altar of Hepliaklqana.
  3963 | D:4      | Found an ancient bone altar of Kikubaaqudgha.
  3963 | D:4      | HP: 2/62 [poisoned by Tiareth's ghost]
  3968 | D:4      | HP: 2/62 [poisoned by Tiareth's ghost]
  3970 | D:4      | Found a bloodstained altar of Trog.
  3970 | D:4      | Your ally died
  3971 | D:4      | Found a radiant altar of Vehumet.
  4351 | D:4      | Found a staircase to the Ecumenical Temple.
  4858 | D:5      | Entered Level 5 of the Dungeon
  4908 | D:5      | Reached skill level 7 in Staves
  5015 | D:5      | Found a sparkling altar of Nemelex Xobeh.
  5180 | D:5      | Reached **** piety under Trog
  5423 | D:5      | Reached XP level 9. HP: 63/68 MP: 9/9
  5424 | D:5      | Found a radiant altar of Vehumet.
  5512 | D:5      | Reached skill level 8 in Staves
  5842 | D:6      | Noticed Dowan
  5844 | D:6      | Noticed Duvessa
  5870 | D:6      | Killed Duvessa
  5870 | D:6      | Reached skill level 9 in Staves
  6208 | D:6      | Killed Dowan
  6909 | D:7      | Reached skill level 10 in Staves
  7029 | D:7      | Slain by an ogre

Skill      XL: |  1  2  3  4  5  6  7  8  9 |
---------------+----------------------------+-----
Maces & Flails | 4 |  4.4
Dodging        | 3 |  3.1
Fighting       | 4 5 6 |  6.2
Staves         | 2 6 7 10 | 10.3
Armour         | |  2.7
Stealth        | |  0.5

Action                   |  1- 3 |  4- 6 |  7- 9 || total
-------------------------+-------+-------+-------++-------
Melee: Mace              |    97 |    98 |       ||   195
       Quarterstaff      |       |    31 |   261 ||   292
Invok: Berserk           |     5 |     4 |     8 ||    17
Evoke: Wand              |       |       |     8 ||     8
  Use: Potion            |     1 |     1 |     6 ||     8
       Scroll            |       |     1 |     1 ||     2
 Stab: Sleeping          |     2 |       |       ||     2
       Paralysed         |       |       |     1 ||     1
       Invisible         |       |       |     1 ||     1
  Eat: Chunk             |     4 |     6 |    10 ||    20
       Ration            |     1 |     1 |     2 ||     4
Armor: Animal skin       |    10 |       |       ||    10
       Chain mail        |    52 |   107 |   168 ||   327
       Ring mail         |     6 |       |       ||     6
Dodge: Dodged            |    64 |    82 |   122 ||   268
